 Dungeon Crawl Stone Soup version 0.26-a0-800-g517d6fe721 (console) character file.

Game seed: 5420870861816464394

1366 Ignak the Cudgeller (level 8, -2/79 HPs)
             Began as an Ogre Hedge Wizard on Nov 11, 2020.
             Succumbed to an orc wizard's poison
             ... on level 6 of the Dungeon.
             The game lasted 00:21:10 (9179 turns).

Ignak the Cudgeller (Ogre Hedge Wizard)             Turns: 9179, Time: 00:21:11

Health: -2/79      AC:  7    Str: 16 (17) XL:     8   Next: 65%
Magic:  12/15      EV:  9    Int: 12 (15) God:
Gold:   375        SH:  0    Dex:  5 (8)  Spells: 8/16 levels left

rFire    + + .     SeeInvis .   I - +1 morningstar (drain)
rCold    + + .     Faith    .   (no shield)
rNeg     . . .     Spirit   .   J - +0 acid dragon scales
rPois    +         Reflect  .   c - +0 hat
rElec    +         Harm     .   (no cloak)
rCorr    +         Rampage  .   (gloves unavailable)
MR       .....                  (boots unavailable)
Stlth    +.........             (no amulet)
HPRegen  0.23/turn              C - ring of protection from fire
MPRegen  0.14/turn              D - ring of protection from cold

@: mighty, lethally poisoned (-2 -> -22), resistant, slowed, very slow
A: large, unfitting armour, tough skin 1
a: no special abilities


You were on level 6 of the Dungeon.
You visited 1 branch of the dungeon, and saw 6 of its levels.

You collected 375 gold pieces.

Inventory:

Hand Weapons
 a - a +2 spear of flaming
 b - a +3 hunting sling
 x - a +0 giant club
 E - a +0 mace
 I - a +1 morningstar of draining (weapon)
Missiles
 m - 28 poisoned darts (quivered)
 q - 25 sling bullets
Armour
 c - a +0 hat (worn)
 J - +0 acid dragon scales (worn)
Jewellery
 C - a ring of protection from fire (left hand)
 D - a ring of protection from cold (right hand)
 F - an uncursed ring of see invisible
Wands
 s - a wand of enslavement (2)
 B - a wand of acid (7)
Scrolls
 e - a scroll of teleportation {unknown}
 f - 3 scrolls of identify
 g - 3 scrolls of magic mapping {unknown}
 j - 3 scrolls of enchant weapon {unknown}
 l - a scroll of immolation {unknown}
 n - 2 scrolls of amnesia {unknown}
 p - 2 scrolls of blinking {unknown}
 t - a scroll of enchant armour {unknown}
 w - a scroll of noise {unknown}
 y - a scroll of random uselessness {unknown}
 G - a scroll of brand weapon {unknown}
Potions
 d - 2 potions of lignification
 h - a potion of cancellation {unknown}
 o - a potion of degeneration
 r - a potion of might
 u - 2 potions of brilliance {unknown}
 v - a potion of heal wounds {unknown}
 z - 2 potions of flight {unknown}
 A - a potion of resistance
 H - 2 potions of berserk rage {unknown}


   Skills:
 + Level 4.9 Fighting
 + Level 6.8 Maces & Flails
 + Level 0.9 Armour
 * Level 3.5 Dodging
 - Level 1.4 Stealth
 - Level 1.0 Unarmed Combat
 + Level 4.9 Spellcasting
 - Level 2.1 Conjurations
 - Level 1.0 Summonings
 - Level 1.0 Translocations


You had 8 spell levels left.
You knew the following spells:

 Your Spells              Type           Power        Failure   Level
a - Magic Dart            Conj           #...         11%         1
b - Blink                 Tloc           N/A          28%         2
d - Mephitic Cloud        Conj/Pois/Air  #.......     52%         3
e - Call Imp              Summ           #.......     26%         2

Your spell library contained the following spells:

 Spells                   Type           Power        Failure   Level
 Slow                     Hex            #.......     38%         2
 Conjure Flame            Conj/Fire      #.......     45%         3


Dungeon Overview and Level Annotations

Branches:
Dungeon (6/15)
 Temple: D:4-7

Altars:
Dithmenos
Gozag
Qazlal


Innate Abilities, Weirdness & Mutations

You are too large for most types of armour.
You have tough skin. (AC +1)


Message History

You feel very sick.
Casting: Call Imp (safe; 22% risk of failure)
Confirm with . or Enter, or press ? or * to list all spells.
You blink.
* * * LOW HITPOINT WARNING * * *
You feel very sick. The orc closely misses you.
Casting: Blink (safe; 22% risk of failure)
Confirm with . or Enter, or press ? or * to list all spells.
You blink.
* * * LOW HITPOINT WARNING * * *
You feel very sick.
It was a potion of might.
You feel very mighty all of a sudden.
* * * LOW HITPOINT WARNING * * *
You feel very sick.
It was a potion of degeneration.
There was something very wrong with that liquid.
You feel weakened.
You feel dopey.
You feel clumsy.
You die...

#######.# #.# #.#
#.......# #.# #.#
####.......# #.#
#.# ...).......#
#.# #.#
####......## #.#
#.# ## ########
#.##########.# .#
### #............#
.#
#.#################
.# #.@........# .#
#5########.# ## #.#
# #o# # #)# # #)# #
#)# #.# #.#


You could see an orc and a friendly crimson imp (summoned).

Vanquished Creatures
  Maggie (D:6)
  An ogre (D:4)
  A centaur (D:5)
  2 howler monkeys
  3 hounds
  10 orc wizards
  3 orc priests (D:6)
  Natasha (twice) (D:4)
  A worker ant (D:4)
  A hound zombie (D:6)
  A hound skeleton (D:6)
  2 adders
  2 gnolls (D:3)
  An ooze (D:1)
  An adder skeleton (D:6)
  4 worms
  10 dart slugs
  4 leopard geckos
  22 orcs
  5 bats
  A giant cockroach (D:3)
  12 goblins
  5 hobgoblins
  A jackal (D:6)
  3 kobolds (D:1)
  4 quokkas
  3 frilled lizards
  3 rats
109 creatures vanquished.

Vanquished Creatures (collateral kills)
  An orc warrior (D:6)
  A hound (D:5)
  An orc priest (D:5)
  A worker ant (D:4)
  Natasha (D:4)
  A hound skeleton (D:4)
  Robin (D:2)
  A gnoll (D:3)
  2 adders
  A dart slug (D:5)
  A leopard gecko (D:4)
  9 orcs
  5 goblins (D:1)
  4 hobgoblins
  3 jackals (D:6)
  A quokka (D:5)
  A ball python skeleton (D:5)
  A bat (D:1)
  A frilled lizard (D:2)
  A rat (D:1)
38 creatures vanquished.

Vanquished Creatures (others)
  An orc wizard (D:4)
  2 plants (D:4)
3 creatures vanquished.

Grand Total: 150 creatures vanquished

Notes
Turn   | Place    | Note
-------+----------+-------------------------------------------
     0 | D:1      | Ignak the Ogre Hedge Wizard began the quest for the Orb.
     0 | D:1      | Reached XP level 1. HP: 16/16 MP: 5/5
   372 | D:1      | Reached skill level 1 in Conjurations
   688 | D:1      | Reached XP level 2. HP: 22/26 MP: 3/6
   692 | D:1      | Learned a level 2 spell: Blink
   695 | D:1      | Learned a level 2 spell: Call Imp
  1101 | D:1      | Reached skill level 1 in Fighting
  1263 | D:2      | Noticed a howler monkey
  1272 | D:2      | Killed a howler monkey
  1272 | D:2      | Reached XP level 3. HP: 23/33 MP: 4/8
  1277 | D:2      | Learned a level 3 spell: Mephitic Cloud
  1286 | D:2      | Noticed Robin
  1288 | D:2      | Reached skill level 1 in Unarmed Combat
  1628 | D:1      | Reached skill level 1 in Summonings
  2043 | D:1      | Reached XP level 4. HP: 37/41 MP: 5/10
  2216 | D:1      | Reached skill level 1 in Maces & Flails
  2456 | D:2      | Reached skill level 1 in Translocations
  2462 | D:2      | Killed Robin
  3379 | D:3      | Reached XP level 5. HP: 27/50 MP: 5/11
  4583 | D:4      | Reached skill level 2 in Maces & Flails
  4741 | D:4      | Reached XP level 6. HP: 56/61 MP: 10/12
  4781 | D:4      | Found a shadowy altar of Dithmenos.
  4841 | D:4      | Noticed Natasha
  4848 | D:4      | Killed Natasha
  5002 | D:4      | Noticed Natasha
  5020 | D:4      | Killed Natasha
  5109 | D:4      | Noticed Natasha
  5115 | D:4      | Killed Natasha
  5403 | D:4      | Reached XP level 7. HP: 71/71 MP: 4/14
  5522 | D:4      | Found an opulent altar of Gozag.
  5859 | D:4      | Reached skill level 3 in Maces & Flails
  6089 | D:5      | Entered Level 5 of the Dungeon
  6306 | D:5      | Reached skill level 4 in Maces & Flails
  7268 | D:5      | Reached skill level 5 in Maces & Flails
  7649 | D:5      | Found a stormy altar of Qazlal.
  8193 | D:6      | Reached XP level 8. HP: 41/79 MP: 15/15
  8797 | D:6      | Noticed Maggie
  8816 | D:6      | Killed Maggie
  8816 | D:6      | Reached skill level 6 in Maces & Flails
  9178 | D:6      | HP: 1/79 [poisoned by an orc wizard]
  9179 | D:6      | Succumbed to an orc wizard's poison

Illustrated notes

Levels and vault maps discovered:
D:1:      dpeg_arrival_rooms_c, layout_basic
D:2:      layout_rooms, uniq_robin
D:3:      layout_basic, kennysheep_cluttered_room, hangedman_decor_push,
          minmay_ruptured
D:4:      layout_loops_corners, kennysheep_mini, lemuel_crystal_altar,
          serial_bayou_pond_a, uniq_natasha
D:5:      kennysheep_slugbush, layout_basic, nicolae_qazlal_eye_of_the_storm
D:6:      layout_basic, uniq_maggie

Skill      XL: |  1  2  3  4  5  6  7  8 |
---------------+-------------------------+-----
Conjurations   | 1 2 |  2.1
Dodging        | 2 3 |  3.5
Fighting       | 1 2 3 4 |  4.9
Unarmed Combat | 1 |  1.0
Spellcasting   | 4 |  4.9
Summonings     | 1 |  1.0
Maces & Flails | 1 2 5 6 |  6.8
Translocations | 1 |  1.0
Armour         | |  0.9
Stealth        | |  1.4

Action                   |  1- 3 |  4- 6 |  7- 9 || total
-------------------------+-------+-------+-------++-------
Melee: Dagger            |    22 |       |       ||    22
       Whip              |    21 |       |       ||    21
       Mace              |    36 |    14 |    57 ||   107
       Spear             |       |   138 |    93 ||   231
       Punch             |       |     1 |     1 ||     2
       Morningstar       |       |       |    38 ||    38
 Fire: Hunting sling     |       |     1 |       ||     1
Throw: Stone             |       |     1 |       ||     1
       Dart              |       |       |     1 ||     1
 Cast: Magic Dart        |     8 |     3 |       ||    11
       Call Imp          |    18 |    24 |    30 ||    72
       Blink             |     3 |     1 |     4 ||     8
       Mephitic Cloud    |     1 |     6 |     5 ||    12
Evoke: Wand              |       |     1 |     8 ||     9
  Use: Scroll            |       |     2 |     4 ||     6
       Potion            |       |     2 |     4 ||     6
 Stab: Sleeping          |     3 |     1 |     1 ||     5
       Distracted        |       |     1 |       ||     1
       Confused          |       |     1 |     2 ||     3
Armor: Robe              |    32 |    21 |    27 ||    80
       Acid dragon scale |       |       |    18 ||    18
Dodge: Dodged            |    65 |    71 |    96 ||   232

Table legend: (Time is in decaauts)
 A = Elapsed time spent in this place.
 B = Non-inter-level travel time spent in this place.
 C = Inter-level travel time spent in this place.
 D = Time resting spent in this place.
 E = Time spent auto-exploring this place.
 F = Levels seen in this place.
 G = Mean time per level.
                   A        B        C        D        E       F      G
               +--------+--------+--------+--------+--------+-----+--------+
         Total |   9263 |   9146 |    117 |   3439 |   3447 |   6 | 1543.8 |
       Dungeon |   9263 |   9146 |    117 |   3439 |   3447 |   6 | 1543.8 |
               +--------+--------+--------+--------+--------+-----+--------+

Top non-repeatable levels by time:
     D:1: 2411 daAuts
     D:4: 2188 daAuts
     D:5: 1541 daAuts
     D:6: 1313 daAuts
     D:3: 1161 daAuts
     D:2: 648 daAuts
